 Dungeon Crawl Stone Soup version 0.23.2-1-ga50397a (webtiles) character file.

Game seed: 15429202488066674960

126 myga the Shield-Bearer (level 5, -9/37 HPs)
             Began as a Halfling Fighter on Apr 9, 2019.
             Killed by divine providence
             ... invoked by an orc priest
              (15 damage)
             ... on level 4 of the Dungeon on Apr 14, 2019.
             The game lasted 00:11:26 (2521 turns).

myga the Shield-Bearer (Halfling Fighter)           Turns: 2521, Time: 00:11:26

Health: -9/37      AC:  8    Str: 17    XL:     5   Next: 32%
Magic:  5/5        EV:  9    Int:  6    God:
Gold:   151        SH: 10    Dex: 18    Spells: 4/4 levels left

rFire    . . .     SeeInvis .   a - +0 long sword
rCold    . . .     Gourm    .   c - +0 shield
rNeg     . . .     Faith    .   b - +0 scale mail
rPois    .         Spirit   .   u - +0 helmet
rElec    .         Reflect  .   (no cloak)
rCorr    .         Harm     .   (no gloves)
MR       .....                  (no boots)
Stlth    ..........             (no amulet)
HPRegen  0.12/turn              p - +3 ring of dexterity
MPRegen  0.09/turn              (no ring)

@: no status effects
A: small, mutation resistance 1
a: no special abilities


You were on level 4 of the Dungeon.
You were hungry.

You visited 1 branch of the dungeon, and saw 4 of its levels.

You collected 151 gold pieces.

Inventory:

Hand Weapons
 a - a +0 long sword (weapon)
Missiles
 n - 23 sling bullets
 o - 51 stones (quivered)
Armour
 b - a +0 scale mail (worn)
 c - a +0 shield (worn)
 j - a +0 helmet
 u - a +0 helmet (worn)
Jewellery
 p - a +3 ring of dexterity (left hand)
Scrolls
 g - a scroll of fear
 h - a scroll of amnesia
 l - a scroll of enchant armour {unknown}
 q - a scroll of teleportation {unknown}
 v - a scroll of remove curse
 w - a scroll of magic mapping {unknown}
Potions
 e - a potion of degeneration {unknown}
 i - 4 potions of curing
 k - a potion of invisibility
 r - a potion of mutation
 t - a potion of agility {unknown}
Comestibles
 f - 4 rations


   Skills:
 + Level 3.7 Fighting
 + Level 2.8 Long Blades
 + Level 3.7 Armour
 + Level 0.9 Dodging
 + Level 0.3 Stealth
 + Level 4.1 Shields


You had 4 spell levels left.
You didn't know any spells.
Your spell library was empty.

Dungeon Overview and Level Annotations

Branches:
Dungeon (4/15)
 Temple: D:4-7

Altars:
Ru

Annotations:
D:3 Flogoulo's ghost, amateur FoFi


Innate Abilities, Weirdness & Mutations

You are small and have problems with some larger weapons.
You are somewhat resistant to further mutation.


Message History

An orc priest comes into view. It is wielding a +0 dagger.
The orc priest shouts!
You hear a bark!
The orc priest calls down the wrath of Beogh upon you.
Beogh smites you!
* * * LOW HITPOINT WARNING * * *
A quokka comes into view.
You block the hound skeleton's attack.
Your shield and scale mail prevent you from hitting the hound skeleton.
You block the hound skeleton's attack.
You hit the hound skeleton.
The hound skeleton is moderately damaged.
You block the hound skeleton's attack.
The hound skeleton completely misses you.
Found a stone staircase leading up. 2 orcs come into view.
The orc shouts! x3
A jackal comes into view.
The orc priest calls down the wrath of Beogh upon you.
Beogh smites you!
You die...

.......#.......# ...
...............##.....
.............#.#..##..
..............#.....#.
#....................
###...........r..#...
..#.................#
#............o.Z....#
....##.....####@#...#
............###.<.....#
.............#........#
.......................#
........................
..(.....o..oo...........
...>.........o..........
..............h.........
....##.........


You could see an orc priest, 3 orcs, a quokka, a jackal (wandering) and a hound
skeleton.

Vanquished Creatures
  A centaur simulacrum (D:3)
  4 adders (D:2)
  An ooze (D:1)
  2 dart slugs (D:1)
  An adder simulacrum (D:3)
  3 leopard geckos
  An orc (D:3)
  6 bats
  3 giant cockroaches
  7 goblins
  5 hobgoblins
  5 jackals
  A quokka (D:3)
  2 ball pythons (D:3)
  5 frilled lizards
  A giant cockroach simulacrum (D:3)
  8 kobolds
  8 rats
64 creatures vanquished.

Notes
Turn   | Place    | Note
-------+----------+-------------------------------------------
     0 | D:1      | myga the Halfling Fighter began the quest for the Orb.
     0 | D:1      | Reached XP level 1. HP: 15/15 MP: 1/1
    46 | D:1      | You fall through a shaft!
    78 | D:2      | Reached XP level 2. HP: 14/21 MP: 2/2
   409 | D:1      | Reached XP level 3. HP: 26/26 MP: 3/3
   863 | D:1      | Reached XP level 4. HP: 31/31 MP: 4/4
  1157 | D:1      | Upgraded the game from 0.23.2 to 0.23.2-1-ga50397a
  1168 | D:2      | Found a sacrificial altar of Ru.
  1330 | D:2      | Reached skill level 4 in Shields
  1744 | D:3      | Noticed Flogoulo's ghost (amateur FoFi)
  1849 | D:3      | Reached XP level 5. HP: 34/36 MP: 5/5
  1879 | D:3      | Found a runed translucent gate.
  1880 | D:3      | Found a runed translucent gate.
  1957 | D:3      | Found a runed translucent gate.
  2521 | D:4      | Killed from afar by an orc priest

Skill      XL: |  1  2  3  4 |
---------------+-------------+-----
Fighting       | 3 |  3.7
Shields        | 4 |  4.1
Long Blades    | |  2.8
Armour         | |  3.7
Dodging        | |  0.9
Stealth        | |  0.3

Action                   |  1- 3 |  4- 6 || total
-------------------------+-------+-------++-------
Melee: Long sword        |   118 |   114 ||   232
Throw: Stone             |       |     3 ||     3
  Use: Scroll            |       |     6 ||     6
       Potion            |       |     3 ||     3
  Eat: Chunk             |       |     5 ||     5
Armor: Scale mail        |    46 |    38 ||    84
Dodge: Dodged            |    44 |    37 ||    81
Block: Shield            |    83 |    48 ||   131
       Rpst.: Long sword |    13 |     9 ||    22
